 Dungeon Crawl Stone Soup version 0.24.0-125-gc4c63601f3 (webtiles) character file.

Game seed: 7650211765314996992, levelgen mode: deterministic

1845 fakirr the Skirmisher (level 9, 0/64 HPs)
             Began as an Octopode Venom Mage on Mar 6, 2020.
             Was an Initiate of Gozag.
             Splashed by a jelly's acid (9 damage)
             ... on level 7 of the Dungeon on Mar 7, 2020.
             The game lasted 00:40:42 (5909 turns).

fakirr the Skirmisher (Octopode Venom Mage)         Turns: 5909, Time: 00:40:45

Health: 0/64       AC: -11   Str:  7    XL:     9   Next: 12%
Magic:  17/19      EV: 13    Int: 25    God:    Gozag
Gold:   464        SH:  0    Dex: 12    Spells: 12/22 levels left

rFire    . . .     SeeInvis .   t - +0 dagger (drain)
rCold    . . .     Gourm    .   (no shield)
rNeg     . . .     Faith    .   (helmet restricted)
rPois    .         Spirit   .   (no amulet)
rElec    .         Reflect  .   w - +4 ring of intelligence
rCorr    .         Harm     .   (no ring)
MR       .....                  (no ring)
Stlth    +++.......             (no ring)
HPRegen  0.20/turn              (no ring)
MPRegen  0.16/turn              (no ring)
                                (no ring)
                                (no ring)

@: corroded
A: almost no armour, stealthy swim, amphibious, 8 rings, constrict 8, camouflage
1, gelatinous body 1
a: Potion Petition, Call Merchant, Bribe Branch, Renounce Religion


You were on level 7 of the Dungeon.
You worshipped Gozag.
Gozag was aware of your devotion.
You were not hungry.

You visited 2 branches of the dungeon, and saw 8 of its levels.

You collected 535 gold pieces.
You paid 71 gold pieces to Gozag.

Inventory:

Hand Weapons
 a - a +0 hunting sling
 t - a +0 dagger of draining (weapon)
 v - a +0 fustibalus
Missiles
 k - 182 stones (quivered)
 q - 87 arrows
 y - 4 boomerangs
 C - 8 javelins
Armour
 B - a +0 large shield
Jewellery
 m - an uncursed ring of ice
 w - a +4 ring of intelligence (left tentacle)
Wands
 z - a wand of iceblast (8)
 A - a wand of random effects (61)
Scrolls
 f - 2 scrolls of remove curse
 g - a scroll of blinking {unknown}
 l - 2 scrolls of teleportation
 n - a scroll of fog {unknown}
 p - a scroll of random uselessness {unknown}
 s - a scroll of enchant armour {unknown}
 u - 5 scrolls of identify {unknown}
Potions
 c - a potion of curing {unknown}
 d - 2 potions of might {unknown}
 e - a potion of berserk rage {unknown}
 h - 2 potions of degeneration {unknown}
 i - a potion of cancellation {unknown}
 j - 2 potions of invisibility
 o - 3 potions of brilliance {unknown}
 r - a potion of flight {unknown}
 x - 2 potions of agility {unknown}
 D - a potion of resistance {unknown}
Comestibles
 b - 10 rations


   Skills:
 + Level 7.1 Fighting
 + Level 2.4 Dodging
 - Level 3.0 Stealth
 * Level 7.1 Spellcasting
 - Level 1.0 Conjurations
 - Level 2.0 Air Magic
 - Level 6.0 Poison Magic


You had 12 spell levels left.
You knew the following spells:

 Your Spells              Type           Power        Failure   Level  Hunger
a - Sting                 Conj/Pois      ####         1%          1    None
b - Poisonous Vapours     Pois/Air       ####..       1%          2    None
c - Olgreb's Toxic Radia  Pois           #####...     5%          4    ###....
d - Mephitic Cloud        Conj/Pois/Air  ###.....     6%          3    None

Your spell library contained the following spells:

 Spells                   Type           Power        Failure   Level  Hunger
 Venom Bolt               Conj/Pois      ####......   41%         5    #####..


Dungeon Overview and Level Annotations

Branches:
Dungeon (7/15)             Temple (1/1) D:5

Altars:
Ashenzari
Cheibriados
Dithmenos
Elyvilon
Fedhas
Gozag
Hepliaklqana
Kikubaaqudgha
Makhleb
Nemelex Xobeh
Okawaru
Qazlal
Sif Muna
Trog
Uskayaw
Wu Jian
Xom
Yredelemnul
Zin
The Shining One

Annotations:
D:4 1 runed translucent door


Innate Abilities, Weirdness & Mutations

You cannot wear most types of armour.
You are very stealthy in the water. (Stealth+)
You are amphibious.
You can wear up to eight rings at the same time.
You can use your tentacles to constrict eight enemies at once.
Your skin changes colour to match your surroundings (Stealth+).
Your rubbery body absorbs attacks. (AC +1, EV +1)


Message History

The jelly is heavily wounded.
The jelly hits you.
You are splashed with acid!
You barely miss the jelly.
The jelly is heavily wounded.
The jelly hits you. The acid corrodes you!
You are splashed with acid.
* * * LOW HITPOINT WARNING * * *
You hit the jelly but do no damage. You drain the jelly. The acid corrodes you!
Your tentacles burn!
* * * LOW HITPOINT WARNING * * *
The jelly is severely wounded.
The jelly closely misses you.
You hit the jelly but do no damage.
Your tentacles burn!
* * * LOW HITPOINT WARNING * * *
You squeeze the jelly, but do no damage.
The jelly is severely wounded.
The jelly hits you.
* * * LOW HITPOINT WARNING * * *
The acid corrodes you!
You are splashed with acid!
You die...
Your body crumbles into a pile of gold.

#....Z.y ##..#..#. #
#........ .######......#
###.##.........#
#.J.##$..%.....### ###@#
#..........).
##.####...####......>..#
#...)..>###.......<...####
#...........#######.......
#.....................####
###################...#
#####


You could see a jelly.

Vanquished Creatures
  A hippogriff (D:3)
  An orc warrior (D:6)
  A centaur (D:5)
  2 ogres
  A big kobold (D:4)
  4 scorpions
  4 killer bees (D:7)
  3 crimson imps
  A hound (D:4)
  5 orc priests
  A jelly (D:5)
  3 orc wizards
  2 iguanas
  6 worker ants
  Natasha (thrice) (D:2)
  A worker ant zombie (D:5)
  6 adders
  3 gnolls
  An ooze (D:4)
  An adder skeleton (D:4)
  3 worms
  5 dart slugs
  4 leopard geckos
  17 orcs
  5 giant cockroaches
  6 goblins
  4 hobgoblins
  10 jackals
  7 kobolds
  2 quokkas
  8 bats
  6 frilled lizards
  A leopard gecko skeleton (D:6)
  A quokka skeleton (D:6)
  A quokka zombie (D:5)
  8 rats
138 creatures vanquished.

Notes
Turn   | Place    | Note
-------+----------+-------------------------------------------
     0 | D:1      | fakirr the Octopode Venom Mage began the quest for the Orb.
     0 | D:1      | Reached XP level 1. HP: 11/11 MP: 3/3
   497 | D:1      | Reached XP level 2. HP: 18/18 MP: 3/5
   502 | D:1      | Learned a level 2 spell: Poisonous Vapours
   633 | D:1      | Reached skill level 1 in Fighting
  1014 | D:2      | Reached XP level 3. HP: 19/23 MP: 3/6
  1122 | D:2      | Noticed Natasha
  1224 | D:2      | Killed Natasha
  1224 | D:2      | Reached XP level 4. HP: 27/29 MP: 0/8
  1364 | D:2      | Found a shattered altar of Ashenzari.
  1375 | D:2      | Noticed Natasha
  1393 | D:2      | Killed Natasha
  1402 | D:2      | Learned a level 4 spell: Olgreb's Toxic Radiance
  1608 | D:2      | Reached XP level 5. HP: 34/34 MP: 5/9
  1675 | D:2      | Noticed Natasha
  1678 | D:2      | Killed Natasha
  1793 | D:3      | Reached skill level 5 in Poison Magic
  1900 | D:3      | Found a glowing golden altar of the Shining One.
  2003 | D:3      | Noticed a hippogriff
  2021 | D:3      | Killed a hippogriff
  2021 | D:3      | Reached XP level 6. HP: 38/42 MP: 0/11
  2255 | D:3      | Reached XP level 7. HP: 47/47 MP: 1/13
  2260 | D:3      | Learned a level 3 spell: Mephitic Cloud
  2809 | D:4      | Found a shimmering altar of Xom.
  2810 | D:4      | Found a burning altar of Makhleb.
  2816 | D:4      | Reached skill level 1 in Air Magic
  3494 | D:4      | Reached skill level 5 in Spellcasting
  3633 | D:4      | Reached XP level 8. HP: 47/54 MP: 15/15
  3718 | D:4      | Found a hazy altar of Hepliaklqana.
  3730 | D:4      | Found an ancient bone altar of Kikubaaqudgha.
  3826 | D:4      | Found a glowing silver altar of Zin.
  3827 | D:4      | Found a runed translucent door.
  3827 | D:4      | Noticed an angel
  4043 | D:5      | Entered Level 5 of the Dungeon
  4056 | D:4      | Reached skill level 5 in Fighting
  4123 | D:5      | Found a staircase to the Ecumenical Temple.
  4133 | D:5      | Found a snail-covered altar of Cheibriados.
  4143 | Temple   | Entered the Ecumenical Temple
  4229 | Temple   | Became a worshipper of Gozag Ym Sagoz the Greedy
  5034 | D:5      | Found a stormy altar of Qazlal.
  5624 | D:6      | Reached XP level 9. HP: 63/63 MP: 15/19
  5728 | D:6      | Found a shimmering blue altar of Sif Muna.
  5785 | D:6      | Found a shimmering blue altar of Sif Muna.
  5909 | D:7      | Splashed by a jelly's acid

Levels and vault maps discovered:
D:1:      psy_arrival_radial02, layout_rooms, minmay_tripent
D:2:      layout_rooms, ashenzari_conservatory_becter, first_ration,
          uniq_natasha
D:3:      layout_basic, tso_metal_star, hex_large,
          hangedman_abyss_or_decor_lesser_grid
D:4:      layout_basic, grunt_temple_overflow_champion_of_chaos,
          amethyst_overflow_temple_binary, lemuel_angel_altar
D:5:      layout_rooms, kennysheep_slug_shrine, minmay_temple_entry_statues,
          nicolae_qazlal_general_emergency
D:6:      kennysheep_orc_sif_temple, layout_basic,
          lemuel_coloured_pillars_altar, minmay_lizard_king
D:7:      lemuel_slime, layout_rooms, nicolae_ru_path_of_blood, enter_ossuary_4,
          grunt_livestock
Temple:   nicolae_temple_hex_pool

Skill      XL: |  1  2  3  4  5  6  7  8  9 |
---------------+----------------------------+-----
Stealth        | 3 |  3.0
Fighting       | 1 2 3 4 6 7 |  7.1
Poison Magic   | 4 5 6 |  6.0
Spellcasting   | 3 4 5 6 7 |  7.1
Air Magic      | 2 |  2.0
Dodging        | |  2.4
Conjurations   | |  1.0

Action                   |  1- 3 |  4- 6 |  7- 9 || total
-------------------------+-------+-------+-------++-------
Melee: Unarmed           |    31 |       |       ||    31
       Constrict         |    16 |    11 |    32 ||    59
       Tentacles         |     9 |     2 |    29 ||    40
       Dagger            |    29 |    39 |   187 ||   255
 Cast: Sting             |     8 |     7 |    12 ||    27
       Poisonous Vapours |    16 |    23 |    25 ||    64
       Olgreb's Toxic Ra |       |     2 |    13 ||    15
  Use: Scroll            |       |       |     2 ||     2
 Stab: Sleeping          |     8 |     1 |    13 ||    22
       Distracted        |       |       |     1 ||     1
  Eat: Chunk             |     2 |     4 |     8 ||    14
       Ration            |       |       |     2 ||     2
Armor: Skin              |     7 |     3 |     6 ||    16
Dodge: Dodged            |    40 |    21 |   103 ||   164
